 Dungeon Crawl Stone Soup version 0.21.0-24-g2553a33 (webtiles) character file.

3952 Gorglomux the Skirmisher (level 10, 0/94 HPs)
             Began as a Naga Wanderer on Jan 19, 2018.
             Was an Initiate of Gozag.
             Slain by a two-headed ogre
             ... wielding a +0 giant club
              (9 damage)
             ... on level 8 of the Dungeon.
             The game lasted 00:24:03 (9487 turns).

Gorglomux the Skirmisher (Naga Wanderer)            Turns: 9487, Time: 00:24:04

Health: 0/94       AC: 12    Str: 16    XL:     10   Next: 21%
Magic:  12/12      EV: 10    Int: 11    God:    Gozag
Gold:   486        SH:  0    Dex: 11    Spells: 9/9 levels left

rFire    . . .     SeeInvis +   a - +2 hand crossbow
rCold    . . .     Gourm    .   (no shield)
rNeg     . . .     Faith    .   E - +0 chain mail
rPois    +         Spirit   .   (no helmet)
rElec    .         Reflect  .   W - +0 cloak
rCorr    .         Harm     .   V - +0 pair of gloves
MR       +....                  (no barding)
Stlth    ..........             (no amulet)
HPRegen  0.25/turn              U - -3 ring of intelligence (curse)
MPRegen  0.13/turn              G - +5 ring of evasion

@: short of breath, gold aura, drained, very slow
A: large, see invisible, deformed body, poison resistance, slowness 2, slow
metabolism 1, spit poison 1, AC +3
a: Spit Poison, Potion Petition, Call Merchant, Bribe Branch, Renounce Religion


You were on level 8 of the Dungeon.
You worshipped Gozag.
Gozag was aware of your devotion.
You were not hungry.

You visited 2 branches of the dungeon, and saw 10 of its levels.

You collected 730 gold pieces.
You spent 148 gold pieces at shops.
You paid 96 gold pieces to Gozag.

Inventory:

Hand Weapons
 a - a +2 hand crossbow (weapon)
 b - a +0 hand axe
 Z - a +2 vampiric war axe
Missiles
 T - 13 bolts (quivered)
Armour
 E - a +0 chain mail (worn)
 V - a +0 pair of gloves (worn)
 W - a +0 cloak (worn)
Jewellery
 G - a +5 ring of evasion (right hand)
 L - a +2 ring of strength
 U - a cursed -3 ring of intelligence (left hand)
Wands
 P - a wand of paralysis (9)
Scrolls
 A - 2 scrolls of amnesia {unknown}
 B - 2 scrolls of acquirement {unknown}
 C - a scroll of magic mapping {unknown}
 D - a scroll of enchant armour {unknown}
 F - a scroll of immolation
 M - 3 scrolls of teleportation
 O - 3 scrolls of remove curse
 R - 6 scrolls of identify
 X - 4 scrolls of enchant weapon
 Y - a scroll of fog
Potions
 z - a potion of cancellation {unknown}
 H - a potion of invisibility
 I - a potion of flight
 J - 2 potions of brilliance
 N - 4 potions of haste
 Q - 2 potions of curing
 S - a potion of lignification
Comestibles
 f - 8 rations


   Skills:
 + Level 7.6(6.7) Fighting
 + Level 4.0(3.2) Axes
 - Level 6.5(5.6) Crossbows
 + Level 7.2(6.4) Armour
 - Level 1.0(0.2) Dodging
 - Level 6.0(5.1) Stealth
 + Level 3.7(2.9) Evocations


You had 9 spell levels left.
You didn't know any spells.

Dungeon Overview and Level Annotations

Branches:
Dungeon (9/15)             Temple (1/1) D:5
   Lair: D:8-11         Orc: D:9-12

Altars:
Ashenzari
Cheibriados
Dithmenos
Elyvilon
Fedhas
Gozag
Hepliaklqana
Kikubaaqudgha
Makhleb
Nemelex Xobeh
Okawaru
Qazlal
Ru
Sif Muna
Trog
Uskayaw
Vehumet
Wu Jian
Xom
Yredelemnul
Zin
The Shining One

Shops:
D:4 ?


Innate Abilities, Weirdness & Mutations

You cannot wear boots.
Your serpentine skin is tough. (AC +3)
You have supernaturally acute eyesight. (SInv)
Armour fits poorly on your strangely shaped body.
Your system is resistant to poisons. (rPois)
You cover ground very slowly.
You have a slow metabolism.
You can spit poison.


Message History

* * * don't butt
* * * Firing (butt - inventory):
T - 14 bolts (quivered)
Press: ? - butt, Shift-Dir - straight butt, f/p - two-headed ogre
Aim: a two-headed ogre, wielding two giant clubs (almost dead, poisoned)
You shoot a bolt!
The bolt barely misses the two-headed ogre!
The two-headed ogre is distracted by your gold!
Press: ? - help, Shift-Dir - straight line, f/p - two-headed ogre
Aim: a two-headed ogre, wielding two giant clubs (almost dead, poisoned, hasn't noticed you)
The splash of poison hits the two-headed ogre!
The two-headed ogre looks even sicker!
The two-headed ogre is almost dead!
The two-headed ogre is no longer distracted by butt!
The two-headed ogre shouts in stereo!!!
You feel slightly more hungry!
The two-headed ogre hits you with a giant club! * * * don't die
* * * The two-headed ogre hits you with a giant club!!! rip Your body crumbles into a pile of gold!

.######...#..#.......#..#
.....##.........(#'###..#
.....##.......)..#......#
.................#####.##
'###.............# #.#
.........##..##..# #.#
..##.....##..##..# #.#
..##.....##..##.O#####.#####
...'............@..........#
..##.....#############.###.#
.###.....'........#......#.#
.........########.#.##.#.#.#
###.#'#.###.....<......#.#.#
..#.#.#.# #.###.#.#.####.#.#
#.#.#.#.# #.....#.#.# #.#.#
..#.#.#.# #..##.#.#.# #.#.#
###.#.#.###..####.#.# #.#.#


You could see a two-headed ogre.

Vanquished Creatures
  The ghost of geeseburger the Skirmisher, a novice HuWn (D:4)
  A hippogriff (D:6)
  Sigmund (D:5)
  Grum (D:8)
  4 ice beasts
  An orc warrior (D:6)
  A sky beast (D:6)
  An ogre (D:5)
  A necrophage (D:7)
  2 black bears
  4 wolves (D:8)
  4 centaurs
  2 big kobolds (D:7)
  Blork the orc (D:4)
  A bullfrog (D:8)
  2 scorpions
  9 killer bees
  5 wights (D:9)
  An electric eel (D:8)
  3 crimson imps
  2 orc priests
  A hound (D:8)
  A bullfrog skeleton (D:8)
  An iguana (D:6)
  2 orc wizards (D:4)
  5 worker ants
  2 hound skeletons (D:7)
  13 adders
  2 oozes
  An adder zombie (D:5)
  An adder skeleton (D:5)
  2 worms
  3 leopard geckos
  18 orcs
  4 giant cockroaches
  10 goblins
  6 hobgoblins
  3 jackals (D:1)
  12 kobolds
  8 quokkas
  11 bats
  4 frilled lizards
  A leopard gecko skeleton (D:8)
  10 rats
169 creatures vanquished.

Notes
Turn   | Place    | Note
-------+----------+-------------------------------------------
     0 | D:1      | Gorglomux the Naga Wanderer began the quest for the Orb.
     0 | D:1      | Gorglomux set off with: a +2 hand crossbow, 21 bolts, a +0 robe, a ration, 2 potions of curing
     0 | D:1      | Reached XP level 1. HP: 22/22 MP: 2/2
   109 | D:1      | Reached skill level 3 in Stealth
   126 | D:1      | Reached XP level 2. HP: 30/30 MP: 3/3
   512 | D:1      | Reached XP level 3. HP: 36/36 MP: 4/4
  1464 | D:2      | Reached XP level 4. HP: 44/44 MP: 5/5
  1502 | D:2      | Reached skill level 6 in Stealth
  2138 | D:3      | Reached XP level 5. HP: 47/50 MP: 6/6
  2835 | D:4      | Reached skill level 3 in Armour
  3093 | D:4      | Noticed geeseburger's ghost (novice HuWn)
  3190 | D:4      | Reached XP level 6. HP: 48/57 MP: 7/7
  3287 | D:4      | Found Viagal's Magic Scroll Boutique.
  3295 | D:4      | Bought a scroll of random uselessness for 11 gold pieces
  3295 | D:4      | Bought a scroll of enchant weapon for 82 gold pieces
  3295 | D:4      | Bought a scroll of teleportation for 33 gold pieces
  3295 | D:4      | Bought a scroll of identify for 22 gold pieces
  3379 | D:4      | Noticed Blork the orc
  3388 | D:4      | Killed Blork the orc
  3584 | D:4      | Killed geeseburger's ghost
  3584 | D:4      | Reached XP level 7. HP: 64/64 MP: 8/8
  3924 | D:5      | Entered Level 5 of the Dungeon
  3949 | D:5      | Found a staircase to the Ecumenical Temple.
  3961 | D:5      | Reached skill level 6 in Armour
  3975 | Temple   | Entered the Ecumenical Temple
  4171 | D:5      | Found a shadowy altar of Dithmenos.
  4173 | D:5      | Found an opulent altar of Gozag.
  4174 | D:5      | Found a deep blue altar of Sif Muna.
  4175 | D:5      | Found a hazy altar of Hepliaklqana.
  4175 | D:5      | Found a shimmering altar of Xom.
  4176 | D:5      | Found a stormy altar of Qazlal.
  4176 | D:5      | Found a snail-covered altar of Cheibriados.
  4177 | D:5      | Found a sparkling altar of Nemelex Xobeh.
  4284 | D:5      | Reached XP level 8. HP: 24/73 MP: 9/9
  4612 | D:5      | Found a basalt altar of Yredelemnul.
  5206 | D:5      | Reached skill level 6 in Fighting
  5260 | D:5      | Noticed Sigmund
  5271 | D:5      | Killed Sigmund
  5271 | D:5      | Reached skill level 1 in Axes
  6073 | D:7      | Reached XP level 9. HP: 85/85 MP: 10/10
  6104 | D:6      | Reached skill level 3 in Crossbows
  6616 | D:5      | Became a worshipper of Gozag Ym Sagoz the Greedy
  7354 | D:7      | Found a shadowy altar of Dithmenos.
  7496 | D:7      | Noticed a gargoyle
  7678 | D:7      | Reached skill level 6 in Crossbows
  7715 | D:7      | Found a burning altar of Makhleb.
  8448 | D:8      | Reached skill level 3 in Axes
  8542 | D:8      | Noticed Grum
  8571 | D:8      | Killed Grum
  8571 | D:8      | Reached skill level 3 in Evocations
  8571 | D:8      | Reached XP level 10. HP: 43/94 MP: 12/12
  9341 | D:9      | Noticed a two-headed ogre
  9487 | D:8      | Slain by a two-headed ogre

Skill      XL: |  1  2  3  4  5  6  7  8  9 10 |
---------------+-------------------------------+-----
Stealth        | 3 4 5 6 |  6.0
Armour         | 2 3 5 6 7 |  7.2
Fighting       | 6 7 |  7.6
Axes           | 2 3 4 |  4.0
Crossbows      | 2 6 |  6.5
Evocations     | 3 |  3.7
Dodging        | |  1.0

Action                   |  1- 3 |  4- 6 |  7- 9 | 10-12 || total
-------------------------+-------+-------+-------+-------++-------
Melee: Unarmed           |     2 |    17 |       |       ||    19
       Hand axe          |    30 |    52 |   126 |       ||   208
 Fire: Hand crossbow     |    13 |    51 |   154 |    59 ||   277
       Shortbow          |       |       |    32 |       ||    32
 Abil: Spit Poison       |    40 |    51 |    62 |     6 ||   159
Evoke: Wand              |       |       |     1 |       ||     1
  Use: Scroll            |     2 |     4 |     4 |       ||    10
       Potion            |       |     1 |     4 |       ||     5
 Stab: Sleeping          |       |     1 |       |       ||     1
  Eat: Chunk             |     3 |     9 |     7 |       ||    19
       Ration            |       |       |     3 |     1 ||     4
Armor: Robe              |    11 |       |       |       ||    11
       Leather armour    |    17 |    36 |       |       ||    53
       Ring mail         |       |    18 |    58 |       ||    76
       Skin              |       |    12 |       |       ||    12
       Chain mail        |       |       |   150 |    25 ||   175
Dodge: Dodged            |    42 |    86 |   210 |    26 ||   364
